 Dungeon Crawl Stone Soup version 0.31.0-12-g77e489cdc1 (webtiles) character file.

Game seed: 426545545972537292

4219 ChadusMaximus the Summoner (level 10, 0/73 HPs)
             Began as a Barachi Summoner on Mar 6, 2024.
             Was a Priest of Hepliaklqana.
             Shot with an arrow by a centaur warrior (11 damage)
             ... on level 8 of the Dungeon.
             The game lasted 00:11:56 (9261 turns).

ChadusMaximus the Summoner (Barachi Summoner)       Turns: 9261, Time: 00:11:56

Health: 0/73       AC: 15    Str: 10    XL:     10   Next: 30%
Magic:  4/21       EV: 12    Int: 25    God:    Hepliaklqana [***...]
Gold:   266        SH:  0    Dex: 13    Spells: 14/24 levels left

rFire   . . .        z - +0 long sword
rCold   . . .        (no shield)
rNeg    . . .        F - +5 steam dragon scales
rPois   .            (no helmet)
rElec   .            J - +2 cloak
rCorr   .            i - +0 pair of gloves
SInv    .            C - +0 pair of boots
Will    .....        f - amulet of faith
Stlth   ++           w - +6 ring of intelligence
HPRegen 0.32/turn    (no ring)
MPRegen 0.17/turn

%: faith
@: unable to hop, inugami summoned, slow
A: reduced essence, amphibious, slowness 1, strong legs 1, +LOS
a: Hop, Renounce Religion, Recall Ancestor, Ancestor Identity, Transference


You were on level 8 of the Dungeon.
You worshipped Hepliaklqana.
Hepliaklqana was most pleased with you.
You visited 1 branch of the dungeon, and saw 8 of its levels.

You collected 526 gold pieces.
You spent 260 gold pieces at shops.

Inventory:

Hand Weapons
 c - a +0 dagger
 z - a +0 long sword (weapon)
Armour
 i - a +0 pair of gloves (worn)
 C - a +0 pair of boots (worn)
 F - +5 steam dragon scales (worn)
 J - a +2 cloak (worn)
Jewellery
 a - a ring of wizardry
 f - an amulet of faith (around neck)
 u - a ring of ice
 w - a +6 ring of intelligence (left hand)
 D - a +5 ring of evasion
 I - a +6 ring of dexterity
Wands
 s - a wand of polymorph (4)
Scrolls
 e - 4 scrolls of immolation {unknown}
 g - 2 scrolls of identify {unknown}
 h - a scroll of enchant weapon {unknown}
 k - a scroll of torment {unknown}
 l - 2 scrolls of poison {unknown}
 t - a scroll of teleportation {unknown}
 v - 3 scrolls of fog {unknown}
 y - a scroll of blinking {unknown}
 H - a scroll of revelation {unknown}
Potions
 b - a potion of magic
 j - 4 potions of mutation
 m - 2 potions of heal wounds
 n - 2 potions of enlightenment {unknown}
 o - 4 potions of brilliance {unknown}
 p - 3 potions of might {unknown}
 q - a potion of resistance {unknown}
 r - 2 potions of attraction {unknown}
 x - 3 potions of curing
 B - 2 potions of ambrosia {unknown}
 E - 2 potions of degeneration {unknown}
 G - a potion of haste


   Skills:
 + Level 8.7 Fighting
 - Level 2.1 Dodging
 - Level 1.7 Stealth
 + Level 7.7 Spellcasting
 * Level 13.1 Summonings


You had 14 spell levels left.
You knew the following spells:

 Your Spells              Type           Power      Damage    Failure   Level
a - Summon Small Mammal   Summ           100%       N/A       1%          1
b - Call Canine Familiar  Summ           66%        N/A       1%          3
c - Call Imp              Summ           100%       N/A       1%          2
d - Summon Lightning Spi  Summ/Air       42%        N/A       4%          4

Your spell library contained the following spells:

 Spells                   Type           Power      Damage    Failure   Level
 Summon Blazeheart Golem  Fire/Summ      42%        N/A       4%          4
 Apportation              Tloc           18%        N/A       6%          1
 Kiss of Death            Conj/Necr      36%        2d8       6%          1
 Jinxbite                 Hex            18%        N/A       10%         2
 Confusing Touch          Hex            9%         N/A       19%         3
 Frozen Ramparts          Ice            18%        1d3       19%         3
 Tukima's Dance           Hex            9%         N/A       19%         3
 Dimensional Bullseye     Hex/Tloc       4%         N/A       52%         4
 Dispel Undead            Necr           9%         3d8       52%         4
 Iskenderun's Mystic Bla  Conj/Tloc      9%         2d4       52%         4
 Leda's Liquefaction      Alch/Erth      4%         N/A       52%         4
 Petrify                  Alch/Erth      9%         N/A       52%         4
 Alistair's Intoxication  Alch           6%         N/A       86%         5
 Metabolic Englaciation   Hex/Ice        4%         N/A       86%         5


Dungeon Overview and Level Annotations

Branches:
Dungeon (8/15)             Temple (0/1) D:6
   Lair: D:8-11

Altars:
Ashenzari
Cheibriados
Fedhas
Gozag
Hepliaklqana
Nemelex Xobeh
Okawaru
Uskayaw

Shops:
D:7 :!


Innate Abilities, Weirdness & Mutations

Your life essence is reduced to manifest your ancestor. (-10% HP)
You are amphibious.
You cover ground slowly.
You can hop short distances.
You have an extended range of vision and can be seen from far away.


Message History

You don't know that spell.
Casting: Call Canine Familiar (safe; 1% risk of failure)
Confirm with . or Enter, or press ? or * to list all spells.
An electric hum fills the air.
The centaur warrior shoots an arrow.
The arrow hits Imgur-Sin!
The centaur warrior shoots an arrow.
The arrow hits Imgur-Sin!
The centaur warrior shoots an arrow.
The arrow hits you!!
Casting: Summon Lightning Spire (dangerous; 4% risk of failure)
Confirm with . or Enter, or press ? or * to list all spells.
An electric hum fills the air.
Your lightning spire disappears in a puff of smoke!
The centaur warrior shoots an arrow.
The arrow hits you.
* * * LOW HITPOINT WARNING * * *
The centaur warrior shoots an arrow.
The arrow hits Imgur-Sin!
Unknown command.
You feel much better.
Casting: Summon Lightning Spire (dangerous; 4% risk of failure)
Confirm with . or Enter, or press ? or * to list all spells.
An electric hum fills the air.
Your lightning spire disappears in a puff of smoke!
The centaur warrior shoots an arrow.
Imgur-Sin blocks the arrow.
The centaur warrior shoots an arrow.
Imgur-Sin blocks the arrow.
The centaur warrior shoots an arrow.
The arrow hits Imgur-Sin!
Imgur-Sin is destroyed!
Casting: Summon Lightning Spire (dangerous; 4% risk of failure)
Confirm with . or Enter, or press ? or * to list all spells.
An electric hum fills the air.
Your lightning spire disappears in a puff of smoke!
The centaur warrior shoots an arrow.
The arrow hits you!
Your lightning spire cannot move out of your way!
Your lightning spire cannot move out of your way!
Your lightning spire cannot move out of your way!
Casting: Summon Lightning Spire (dangerous; 4% risk of failure)
Confirm with . or Enter, or press ? or * to list all spells.
You call for your canine familiar and it appears with a howl!
The centaur warrior shoots an arrow.
The arrow hits you.
The centaur warrior shoots an arrow.
The arrow hits you!
* * * LOW HITPOINT WARNING * * *
The centaur warrior shoots an arrow.
The arrow hits you!
You die...

#.## ...# ##..# ...## #
##...##### ####......#.#
##..##........
##########........#....
###.oc..@##.........#....
##..o####8h...........[...
##..#######...##......##[..
#..##C..####...##.....##.##
#.#.Ro..:# #...........####
#..oDc....##...#.........
##........##..##...........
##.......#...###..........
##.....##...# .....#####+


You could see a centaur warrior (ally target), 2 orcs, a friendly lightning
spire (summoned) and a friendly inugami (summoned).

Vanquished Creatures
  A wyvern (D:8)
  An orc warrior (D:8)
  2 hounds
  2 orc priests (D:7)
  Natasha (D:2)
  2 adders
  A white imp (D:7)
  2 dart slugs
  3 orcs
  4 endoplasms
  8 goblins
  6 jackals
  A kobold (D:7)
  3 quokkas
  5 ball pythons
  2 bats (D:1)
  2 frilled lizards (D:3)
  4 rats
50 creatures vanquished.

Vanquished Creatures (collateral kills)
  Pikel (D:7)
  An ugly thing (D:8)
  The ghost of TangoThomas the Conjurer, an amateur DsRe (D:4)
  Sigmund (D:4)
  2 steam dragons
  A water moccasin (D:7)
  An orc warrior (D:7)
  A sky beast (D:6)
  An ogre (D:7)
  An ice beast (D:6)
  2 black bears
  A centaur (D:7)
  A phantom (D:5)
  A kobold brigand (D:7)
  3 bullfrogs
  3 scorpions
  7 killer bees
  An electric eel (D:8)
  2 howler monkeys (D:7)
  3 jellies
  Crazy Yiuf (D:7)
  3 orc priests (D:7)
  3 iguanas
  3 sleepcaps
  Natasha (twice) (D:2)
  3 orc wizards
  7 gnolls (D:5)
  3 adders
  2 shadow imps (D:6)
  2 white imps (D:6)
  2 ufetubi (D:7)
  4 ribbon worms
  A dart slug (D:1)
  22 orcs
  3 ball pythons
  A bat (D:3)
  3 endoplasms
  A giant cockroach (D:1)
  2 goblins
  3 hobgoblins
  6 jackals
  A quokka (D:2)
  2 frilled lizards
  6 kobolds
  A rat (D:1)
122 creatures vanquished.

Vanquished Creatures (others)
  2 knights (D:8)
  3 ancestors
5 creatures vanquished.

Grand Total: 177 creatures vanquished

Notes
Turn   | Place    | Note
-------+----------+-------------------------------------------
     0 | D:1      | ChadusMaximus the Barachi Summoner began the quest for the
                  | Orb.
     0 | D:1      | Reached XP level 1. HP: 13/13 MP: 3/3
    75 | D:1      | Reached skill level 5 in Summonings
    96 | D:1      | Reached XP level 2. HP: 11/20 MP: 0/5
   205 | D:1      | Reached skill level 1 in Fighting
   337 | D:1      | HP: 1/21 [frozen (5)]
   457 | D:1      | Reached XP level 3. HP: 17/26 MP: 6/6
  1350 | D:1      | Learned a level 3 spell: Call Canine Familiar
  1353 | D:1      | Learned a level 2 spell: Call Imp
  1621 | D:2      | Reached XP level 4. HP: 5/33 MP: 1/8
  1785 | D:2      | Found a hazy altar of Hepliaklqana.
  1961 | D:2      | Noticed Natasha
  1981 | D:2      | Killed Natasha
  1982 | D:2      | Reached skill level 6 in Summonings
  2229 | D:2      | Noticed Natasha
  2255 | D:2      | Killed Natasha
  2256 | D:2      | Reached XP level 5. HP: 32/39 MP: 2/9
  2431 | D:2      | Noticed Natasha
  2447 | D:2      | Killed Natasha
  2537 | D:2      | Became a worshipper of Hepliaklqana the Forgotten
  2626 | D:3      | Found an opulent altar of Gozag.
  2803 | D:3      | Found a snail-covered altar of Cheibriados.
  2873 | D:3      | Found a faded altar of an unknown god.
  3269 | D:4      | Found a broken altar of Ashenzari.
  4098 | D:4      | Noticed Sigmund
  4112 | D:4      | Killed Sigmund
  4113 | D:4      | Reached skill level 7 in Summonings
  4113 | D:4      | Reached XP level 6. HP: 47/48 MP: 4/11
  4205 | D:4      | Reached * piety under Hepliaklqana
  4495 | D:4      | Found a blossoming altar of Fedhas.
  4513 | D:4      | Found a large runed translucent door.
  4514 | D:4      | Found a large runed translucent door.
  4517 | D:4      | Noticed TangoThomas's ghost (amateur DsRe)
  4696 | D:4      | Killed TangoThomas's ghost
  4697 | D:4      | Reached skill level 8 in Summonings
  4697 | D:4      | Reached XP level 7. HP: 49/49 MP: 7/13
  4775 | D:5      | Entered Level 5 of the Dungeon
  5010 | D:5      | Reached skill level 5 in Fighting
  5010 | D:5      | Reached XP level 8. HP: 43/55 MP: 10/15
  5028 | D:5      | Reached skill level 9 in Summonings
  5293 | D:5      | Reached skill level 5 in Spellcasting
  5961 | D:5      | Learned a level 4 spell: Summon Lightning Spire
  6467 | D:6      | Reached ** piety under Hepliaklqana
  6504 | D:6      | Reached skill level 10 in Summonings
  6510 | D:6      | Remembered your ancestor Imgur-Sin as a knight
  6562 | D:6      | Found a staircase to the Ecumenical Temple.
  6720 | D:6      | Found an iron altar of Okawaru.
  6849 | D:6      | Reached XP level 9. HP: 58/63 MP: 17/17
  7051 | D:7      | Reached skill level 11 in Summonings
  7263 | D:7      | Found Fugaot's Book Shop.
  7356 | D:7      | Found Loydix's Distillery.
  7362 | D:7      | Bought a potion of haste for 100 gold pieces
  7362 | D:7      | Bought a potion of curing for 30 gold pieces
  7362 | D:7      | Bought a potion of mutation for 80 gold pieces
  7362 | D:7      | Bought a potion of heal wounds for 50 gold pieces
  7568 | D:7      | Noticed Pikel
  7578 | D:7      | Killed Pikel
  7672 | D:7      | Reached skill level 12 in Summonings
  8362 | D:7      | Found a runed translucent door.
  8363 | D:7      | Noticed Crazy Yiuf
  8519 | D:7      | Killed Crazy Yiuf
  8584 | D:8      | Reached *** piety under Hepliaklqana
  8676 | D:8      | Reached XP level 10. HP: 70/72 MP: 13/20
  8741 | D:8      | Found a sparkling altar of Nemelex Xobeh.
  8920 | D:8      | Found a hide-covered altar of Uskayaw.
  8946 | D:8      | Noticed a brown ugly thing
  8959 | D:8      | Killed a brown ugly thing
  8971 | D:8      | Reached skill level 13 in Summonings
  9244 | D:8      | Noticed a cyclops
  9244 | D:8      | Noticed a centaur warrior
  9261 | D:8      | Shot with an arrow by a centaur warrior

Illustrated notes

Levels and vault maps discovered:
D:1:      orjb1_clovarrival, layout_loops_ring
D:2:      layout_rooms, basic_altar, uniq_natasha
D:3:      layout_basic, nicolae_gozag_cash_rules_everything_around_me,
          overflow_temple_1_default, hellmonk_ecumenical_altar_run_dry,
          minmay_door_square, kennysheep_generic_room_8
D:4:      layout_cave_pods, nicolae_overflow_hidden_temple, ashenzari_altar_1,
          ebering_ghost_disaster_area, due_unseen_surprise, uniq_sigmund
D:5:      layout_basic
D:6:      layout_loops_ring, lemuel_round_altar, minmay_temple_entry_statues
D:7:      layout_loops_corners, serial_shops, shop, shop,
          dreamdust_princess_bridge, uniq_crazy_yiuf_cottage, uniq_pikel
D:8:      minmay_the_grid_plus_closed [minmay_the_grid_odd_star,
          minmay_the_grid_garden, minmay_the_grid_outer_diamond,
          minmay_the_grid_all_tris, minmay_the_grid_prize_inner_circle],
          layout_cave_pools, general_overflow_altar,
          nemelex_xobeh_ov_fountains_minmay, kennysheep_donut,
          minmay_manual_moon

Skill      XL: |  1  2  3  4  5  6  7  8  9 10 |
---------------+-------------------------------+-----
Summonings     | 5 6 7 8 10 12 13 | 13.1
Fighting       | 1 2 3 4 5 6 8 |  8.7
Spellcasting   | 3 4 5 7 |  7.7
Dodging        | |  2.1
Stealth        | |  1.7

Action                     |  1- 3 |  4- 6 |  7- 9 | 10-12 || total
---------------------------+-------+-------+-------+-------++-------
  Melee: Unarmed           |     3 |       |       |       ||     3
         Dagger            |   110 |    54 |       |       ||   164
         Punch             |     2 |       |     2 |       ||     4
         Long sword        |       |    21 |    83 |    16 ||   120
   Cast: Summon Small Mamm |    22 |    12 |    13 |       ||    47
         Call Canine Famil |     3 |    14 |    16 |     3 ||    36
         Call Imp          |     2 |     9 |    24 |     2 ||    37
         Summon Lightning  |       |       |     8 |     6 ||    14
 Invoke: Ancestor Life: Kn |       |       |     1 |       ||     1
Ability: Hop               |     2 |     1 |     2 |     1 ||     6
    Use: Potion            |       |       |     1 |     1 ||     2
         Scroll            |       |       |     5 |       ||     5
   Stab: Sleeping          |     2 |     1 |     1 |       ||     4
         Distracted        |       |     2 |     1 |       ||     3
 Armour: Robe              |    85 |    68 |    75 |       ||   228
         Skin              |       |     3 |       |       ||     3
         Steam dragon scal |       |       |    50 |    37 ||    87
  Dodge: Dodged            |   109 |    66 |    88 |    22 ||   285
